 Dungeon Crawl Stone Soup version 0.19.4 (webtiles) character file.

3675 Jerry the Basher (level 10, 0/120 HPs)
             Began as a Formicid Fighter on Feb 1, 2017.
             Was an Initiate of Gozag.
             Killed by the air
             ... invoked by Gastronok
              (26 damage)
             ... on level 8 of the Dungeon.
             The game lasted 00:27:13 (8016 turns).

Jerry the Basher (Formicid Fighter)                 Turns: 8016, Time: 00:27:16

Health: 0/120      AC: 25    Str: 25    XL:     10   Next: 34%
Magic:  10/10      EV:  2    Int:  7    God:    Gozag
Gold:   626        SH:  5    Dex: 10    Spells: 0 memorised, 9 levels left

rFire  . . .     SeeInvis .     a - +0 flail
rCold  . . .     Gourm    .     (armour currently unavailable)
rNeg   + + +     Faith    .     j - +0 buckler
rPois  +         Spirit   .     (helmet unavailable)
rElec  .         Reflect  .     (cloak currently unavailable)
rCorr  .         Harm     .     (gloves currently unavailable)
MR     +....                    (boots currently unavailable)
Stlth  +.........               x - amulet of regeneration
                                (no ring)
                                k - ring of flight

@: tree-form
A: permanent stasis, dig shafts and tunnels, four strong arms, (antennae 0)
a: Potion Petition, Call Merchant, Bribe Branch, Renounce Religion


You were on level 8 of the Dungeon.
You worshipped Gozag.
Gozag was pleased with you.
You were not hungry.
You were a tree.
You visited 1 branch of the dungeon, and saw 8 of its levels.

You collected 869 gold pieces.
You spent 157 gold pieces at shops.
You paid 86 gold pieces to Gozag.

Inventory:

Hand Weapons
 a - a +0 flail (weapon)
Armour
 c - a +0 chain mail (melded)
 j - a +0 buckler (worn)
 z - a +1 pair of boots (melded)
 E - a +0 cloak (melded)
Jewellery
 k - a ring of flight (left branch)
 x - an amulet of regeneration (around neck)
Wands
 b - a wand of paralysis (13/24)
 o - a wand of lightning (7/15)
 w - a wand of slowing (35/48)
 A - a wand of teleportation (2/9)
Scrolls
 d - a scroll of summoning {unknown}
 e - a scroll of magic mapping
 m - a scroll of identify
 r - a scroll of immolation {unknown}
 s - 4 scrolls of remove curse
 u - 2 scrolls of enchant weapon
 v - a scroll of teleportation {unknown}
 B - a scroll of torment {unknown}
Potions
 g - a potion of lignification
 h - 5 potions of curing {unknown}
 l - 5 potions of flight {unknown}
 t - a potion of brilliance {unknown}
 C - 2 potions of magic {unknown}
Books
 i - a book of Debilitation

   Spells                             Type                      Level
   a - Corona                         Hexes                        1
   b - Slow                           Hexes                        2
   c - Gell's Gravitas                Hexes/Translocation          3
   d - Inner Flame                    Hexes/Fire                   3
   e - Cause Fear                     Hexes                        4
   f - Leda's Liquefaction            Hexes/Earth                  4
 y - a book of Cantrips

   Spells                             Type                      Level
   a - Confusing Touch                Hexes                        1
   b - Animate Skeleton               Necromancy                   1
   c - Summon Small Mammal            Summoning                    1
   d - Apportation                    Translocation                1
 D - a book of Minor Magic

   Spells                             Type                      Level
   a - Magic Dart                     Conjuration                  1
   b - Blink                          Translocation                2
   c - Call Imp                       Summoning                    2
   d - Repel Missiles                 Charms/Air                   2
   e - Slow                           Hexes                        2
   f - Conjure Flame                  Conjuration/Fire             3
   g - Mephitic Cloud                 Conjuration/Poison/Air       3
Comestibles
 f - 7 bread rations
 n - 3 meat rations
 p - 2 beef jerkies
 q - 9 fruits


   Skills:
 + Level 7.6 Fighting
 * Level 9.5 Maces & Flails
 + Level 7.4 Armour
 + Level 8.5 Shields


You had 9 spell levels left.
You didn't know any spells.

Dungeon Overview and Level Annotations

Branches:
Dungeon (8/15)             Temple (0/1) D:7            Lair (0/6) D:8

Altars:
Ashenzari
Elyvilon
Fedhas
Gozag
Hepliaklqana
Kikubaaqudgha
Qazlal
Uskayaw
Vehumet
Yredelemnul

Shops:
D:5 ?   D:7 *(

Annotations:
D:8 Gastronok


Innate Abilities, Weirdness & Mutations

You are under a permanent stasis effect.
You can dig through walls and to a lower floor.
Your four strong arms can wield two-handed weapons with a shield.
((You have a pair of large antennae on your head. (SInv)))


Message History

Gastronok bites you!!
You hit Gastronok but do no damage.
Gastronok is moderately wounded.
You completely miss Gastronok.
Gastronok is moderately wounded.
The crimson imp shouts!
Gastronok waves his eye-stalks in wide circles.
The air twists around and strikes you!
* * * LOW HITPOINT WARNING * * *
You turn into a tree.
Your +0 cloak melds into your body.
Your +1 pair of boots melds into your body.
Your +0 chain mail melds into your body.
Your roots penetrate the ground.
You hit Gastronok.
Gastronok is moderately wounded.
The crimson imp blinks!
Gastronok waves his eye-stalks in wide circles.
The air twists around and strikes you!
You die...
Your body crumbles into a pile of gold.

.....>..##..####.#
........##.)# #.#
#########
........###.####.#
#........ ........#
#......# #........
........# #..##..#
#.w.?....
#######.####(##..#
#......$. #.......(##..#
#........ #............#
#...w....
#........###♣#####........
#........#...wS...§.......
#........#.#.#####.#######
########...#.# #<.#
##..#.# #..# #..#.# #..# .
.... .§.# .# #.# ....# ..
#####


You could see Gastronok and a ball python.

Vanquished Creatures
  Maurice (D:8)
  A komodo dragon (D:8)
  Grinder (D:5)
  A spriggan (D:7)
  A wyvern (D:8)
  Menkaure (D:4)
  2 orc warriors
  Duvessa (D:5)
  3 phantoms
  An ice beast (D:7)
  4 ogres
  A centaur (D:8)
  A bullfrog (D:7)
  A big kobold (D:4)
  Dowan (D:5)
  A wyvern skeleton (D:7)
  2 scorpions (D:5)
  A howler monkey (D:7)
  5 crimson imps
  4 orc priests
  3 hounds
  2 bullfrog skeletons
  6 orc wizards
  2 iguanas
  Natasha (D:4)
  3 worker ants
  A hound zombie (D:8)
  A worker ant zombie (D:8)
  Robin (D:2)
  3 gnolls (D:5)
  8 adders
  An ooze (D:2)
  An adder zombie (D:6)
  A dart slug (D:2)
  6 leopard geckos
  17 orcs
  14 bats
  6 giant cockroaches
  11 goblins
  9 hobgoblins
  7 jackals
  A quokka (D:4)
  2 frilled lizards (D:1)
  A giant cockroach zombie (D:6)
  27 kobolds
  2 leopard gecko zombies
  A quokka skeleton (D:4)
  5 rats
177 creatures vanquished.

Vanquished Creatures (others)
  A human (D:6)
  3 plants
4 creatures vanquished.

Grand Total: 181 creatures vanquished

Notes
Turn   | Place    | Note
-------+----------+-------------------------------------------
     0 | D:1      | Jerry the Formicid Fighter began the quest for the Orb.
     0 | D:1      | Reached XP level 1. HP: 18/18 MP: 1/1
   140 | D:1      | Reached XP level 2. HP: 22/24 MP: 2/2
   481 | D:1      | Reached XP level 3. HP: 28/29 MP: 3/3
   778 | D:2      | Noticed Robin
   811 | D:2      | Reached skill level 3 in Maces & Flails
   821 | D:2      | Killed Robin
   821 | D:2      | Reached XP level 4. HP: 33/36 MP: 4/4
  1630 | D:3      | Reached XP level 5. HP: 30/42 MP: 5/5
  1881 | D:3      | Noticed a phantom
  1904 | D:3      | Killed a phantom
  1904 | D:3      | Reached skill level 4 in Maces & Flails
  1904 | D:3      | Reached XP level 6. HP: 47/48 MP: 6/6
  2689 | D:4      | Noticed Menkaure
  3023 | D:4      | Killed Menkaure
  3023 | D:4      | Reached skill level 5 in Maces & Flails
  3023 | D:4      | Reached skill level 5 in Shields
  3023 | D:4      | Reached XP level 7. HP: 22/55 MP: 7/7
  3378 | D:4      | Noticed Natasha
  3383 | D:4      | Killed Natasha
  4003 | D:5      | Entered Level 5 of the Dungeon
  4017 | D:5      | Reached skill level 5 in Fighting
  4017 | D:5      | Reached skill level 5 in Armour
  4043 | D:5      | Noticed Duvessa
  4043 | D:5      | Noticed Dowan
  4059 | D:5      | Reached XP level 8. HP: 62/62 MP: 8/8
  4074 | D:5      | Killed Duvessa
  4206 | D:5      | Reached skill level 6 in Maces & Flails
  4210 | D:5      | Noticed Grinder
  4228 | D:5      | Killed Grinder
  4755 | D:5      | Killed Dowan
  4777 | D:5      | Found Liatut's Magic Scroll Emporium.
  4782 | D:5      | Bought a scroll of remove curse for 45 gold pieces
  4782 | D:5      | Bought a scroll of enchant weapon for 112 gold pieces
  4818 | D:5      | Found a radiant altar of Vehumet.
  4881 | D:5      | Found a shattered altar of Ashenzari.
  5248 | D:6      | Found a blossoming altar of Fedhas.
  5304 | D:6      | Found a white marble altar of Elyvilon.
  5331 | D:6      | Found a basalt altar of Yredelemnul.
  5336 | D:6      | Found an opulent altar of Gozag.
  5337 | D:6      | Found a hide-covered altar of Uskayaw.
  5417 | D:6      | Found a stormy altar of Qazlal.
  5630 | D:6      | Reached skill level 7 in Maces & Flails
  5645 | D:6      | Became a worshipper of Gozag Ym Sagoz the Greedy
  5660 | D:6      | Found an ancient bone altar of Kikubaaqudgha.
  5660 | D:6      | Noticed a human
  5664 | D:6      | Killed a human
  5715 | D:6      | Reached XP level 9. HP: 69/69 MP: 9/9
  5917 | D:7      | Found a staircase to the Ecumenical Temple.
  5927 | D:7      | Got a pair of brightly glowing boots
  5928 | D:7      | Identified the +1 pair of boots of Joycyfi {*Drain rC- Regen+ MP+9} (You found it on level 7 of the Dungeon)
  6268 | D:7      | Found Zovveu's Weapon Shoppe.
  6418 | D:7      | Found a hazy altar of Hepliaklqana.
  6624 | D:7      | Found Unan's Island Escapes.
  6684 | D:7      | Reached skill level 8 in Maces & Flails
  6925 | D:8      | Noticed Maurice
  7004 | D:8      | Noticed Gastronok
  7491 | D:8      | Noticed a komodo dragon
  7627 | D:8      | Killed a komodo dragon
  7627 | D:8      | Reached XP level 10. HP: 43/79 MP: 10/10
  7718 | D:8      | Found a staircase to the Lair.
  7752 | D:8      | Reached skill level 9 in Maces & Flails
  7852 | D:8      | Killed Maurice
  8016 | D:8      | Killed from afar by Gastronok

Skill      XL: |  1  2  3  4  5  6  7  8  9 10 |
---------------+-------------------------------+-----
Maces & Flails | 3 4 5 7 8 9 |  9.5
Shields        | 4 5 6 8 |  8.5
Armour         | 4 5 6 7 |  7.4
Fighting       | 4 5 7 |  7.6

Action                   |  1- 3 |  4- 6 |  7- 9 | 10-12 || total
-------------------------+-------+-------+-------+-------++-------
Melee: Flail             |   109 |   195 |   500 |    77 ||   881
 Abil: Evoke Flight      |       |       |     1 |       ||     1
Evoke: Wand              |       |       |       |     1 ||     1
  Use: Potion            |       |     1 |     2 |     3 ||     6
       Scroll            |       |     3 |     4 |       ||     7
 Stab: Paralysed         |       |       |       |     7 ||     7
       Distracted        |       |       |       |     3 ||     3
  Eat: Chunk             |       |    15 |    15 |       ||    30
Armor: Scale mail        |    41 |    54 |       |       ||    95
       Chain mail        |       |    12 |   150 |    21 ||   183
       Skin              |       |       |    21 |       ||    21
Dodge: Dodged            |    38 |    66 |   131 |    18 ||   253
Block: Shield            |    83 |   112 |       |       ||   195
       Reflection        |     1 |       |       |       ||     1
       Buckler           |       |     8 |    87 |    10 ||   105
